 Seeded DCSS version 0.27-a0-1188-g73eefd5def (webtiles) character file.

Game seed: 13352071387347228452 (custom seed)

1516 karrick the Thaumaturge (level 8, 0/43 HPs)
             Began as a Deep Elf Necromancer on May 20, 2021.
             Slain by a mummy (4 damage)
             ... in an ossuary on May 21, 2021.
             The game lasted 00:25:17 (8640 turns).

karrick the Thaumaturge (Deep Elf Necromancer)      Turns: 8640, Time: 00:25:17

Health: 0/43       AC: 11    Str:  7    XL:     8   Next: 53%
Magic:  24/24      EV: 13    Int: 21    God:
Gold:   289        SH:  0    Dex: 15    Spells: 21/27 levels left

rFire    + . .     SeeInvis .   d - +6 dagger
rCold    + . .     Faith    .   (no shield)
rNeg     . . .     Spirit   .   a - +0 robe
rPois    .         Reflect  .   (no helmet)
rElec    .         Harm     .   i - scarf {rC+ rF+}
rCorr    .         Rampage  .   (no gloves)
Will     .....                  j - +0 pair of boots
Stlth    ++........             (no amulet)
HPRegen  0.14/turn              c - +4 ring of protection
MPRegen  0.19/turn              h - +4 ring of protection

@: no status effects
A: sense surroundings 2
a: no special abilities


You were in an ossuary.
You visited 1 branch of the dungeon, and saw 6 of its levels.
You also visited: Sewer and Ossuary.

You collected 289 gold pieces.

Inventory:

Hand Weapons
 d - a +6 dagger (weapon)
 u - a +2 whip of electrocution
 x - a +0 short sword of protection
Missiles
 t - 5 atropa-tipped darts
Armour
 a - a +0 robe (worn)
 i - a scarf of resistance (worn)
 j - a +0 pair of boots (worn)
Jewellery
 c - a +4 ring of protection (left hand)
 h - a +4 ring of protection (right hand)
 k - a ring of positive energy
 p - a +6 ring of strength
 z - a ring of flight
Wands
 s - a wand of polymorph (8)
Scrolls
 f - a scroll of holy word {unknown}
 m - 2 scrolls of amnesia {unknown}
 o - 3 scrolls of immolation
 q - a scroll of noise {unknown}
 y - a scroll of magic mapping {unknown}
 A - a scroll of summoning {unknown}
 B - a scroll of acquirement {unknown}
Potions
 b - 6 potions of heal wounds
 e - 2 potions of mutation
 l - a potion of cancellation {unknown}
 r - 3 potions of flight {unknown}
 v - 3 potions of might {unknown}
 w - 4 potions of curing


   Skills:
 + Level 1.0 Fighting
 + Level 1.6 Short Blades
 + Level 3.5 Dodging
 + Level 3.5 Stealth
 + Level 10.0 Spellcasting
 + Level 9.3 Necromancy


You had 21 spell levels left.
You knew the following spells:

 Your Spells              Type           Power      Damage    Failure   Level
a - Pain                  Necr           100%       1d9       1%          1
b - Animate Skeleton      Necr           98%        N/A       1%          1
c - Animate Dead          Necr           24%        N/A       1%          4

Your spell library contained the following spells:

 Spells                   Type           Power      Damage    Failure   Level
 Vampiric Draining        Necr           24%        2d9       1%          3
 Agony                    Necr           49%        N/A       3%          5
 Shock                    Conj/Air       40%        1d5       6%          1
 Static Discharge         Conj/Air       10%        N/A       10%         2
 Swiftness                Air            10%        N/A       19%         3
 Airstrike                Air            5%         N/A       54%         4
 Lightning Bolt           Conj/Air       5%         1d17      87%         5


Dungeon Overview and Level Annotations

Branches:
Dungeon (6/15)              Sewer (visited)         Ossuary (1/1)
 Temple: D:4-7

Altars:

Shops:
D:6 (

Annotations:
D:4 Menkaure


Innate Abilities, Weirdness & Mutations

You passively map the area around you.


Message History

The hobgoblin zombie hits you but does no damage.
You hit the centaur zombie.
You destroy the centaur zombie!
The centaur zombie hits you but does no damage.
The centaur zombie closely misses you. The centaur zombie hits you.
* * * LOW HITPOINT WARNING * * *
The centaur zombie closely misses you.
Unknown command.
You hit the hobgoblin zombie.
The hobgoblin zombie is heavily damaged.
The hobgoblin zombie hits you but does no damage.
The centaur zombie barely misses you.
The centaur zombie kicks you but does no damage.
The centaur zombie hits you but does no damage.
The centaur zombie kicks you but does no damage.
The hobgoblin zombie hits you but does no damage.
You puncture the hobgoblin zombie!
You destroy the hobgoblin zombie!
The centaur zombie completely misses you.
The centaur zombie closely misses you.
The centaur zombie completely misses you.
The centaur zombie kicks you but does no damage.
The hobgoblin zombie completely misses you.
You hit the hobgoblin zombie.
The hobgoblin zombie is heavily damaged.
The centaur zombie hits you but does no damage.
The centaur zombie kicks you but does no damage.
The centaur zombie hits you but does no damage.
The centaur zombie kicks you but does no damage.
The hobgoblin zombie misses you. The centaur zombie closely misses you.
The centaur zombie barely misses you.
The centaur zombie closely misses you. x2
You hit the hobgoblin zombie.
You destroy the hobgoblin zombie!
Your surroundings seem slightly different.
The mummy hits you.
* * * LOW HITPOINT WARNING * * *
Unknown command.
Unknown command.
The mummy hits you.
You die...

#####
##...##
#§....#
#Z....#
#ZZ...#
#.M...#
#M@∩..#
#M....#
#..∩..#
#.....#
#.....#
#.....#
...^...#
##.....##
..^....


You could see 3 mummies, a hobgoblin zombie and 2 centaur zombies.

Vanquished Creatures
  A water moccasin (D:5)
  An ice beast (D:5)
  A necrophage (D:6)
  A phantom (D:5)
  A kobold brigand (D:5)
  A bullfrog (D:6)
  A howler monkey (D:5)
  2 centaur zombies
  A bullfrog zombie (D:6)
  2 gnoll shamans (D:5)
  3 hounds
  2 orc priests
  An iguana (D:4)
  An orc wizard (D:6)
  A hound skeleton (D:5)
  3 mummies (Ossuary)
  A howler monkey zombie (D:5)
  7 adders
  28 gnolls
  A howler monkey skeleton (D:5)
  2 river rats (Sewer)
  2 worms
  2 dart slugs
  18 orcs
  10 ball pythons
  2 endoplasms (D:1)
  3 giant cockroaches
  10 goblins
  3 hobgoblins
  16 jackals
  5 quokkas
  6 bats
  5 frilled lizards
  5 hobgoblin zombies (Ossuary)
  19 kobolds
  22 rats
190 creatures vanquished.

Vanquished Creatures (collateral kills)
  A kobold brigand (Sewer)
  An orc (D:5)
  3 rats (Sewer)
5 creatures vanquished.

Vanquished Creatures (others)
  2 plants (D:5)
2 creatures vanquished.

Grand Total: 197 creatures vanquished

Notes
Turn   | Place    | Note
-------+----------+-------------------------------------------
     0 | D:1      | karrick the Deep Elf Necromancer began the quest for the
                  | Orb.
     0 | D:1      | Reached XP level 1. HP: 10/10 MP: 6/6
   176 | D:1      | Reached skill level 5 in Necromancy
   307 | D:1      | Reached XP level 2. HP: 9/15 MP: 2/8
  1008 | D:1      | Reached XP level 3. HP: 18/19 MP: 8/10
  2000 | D:2      | Found a faded altar of an unknown god.
  2005 | D:2      | Learned a level 1 spell: Animate Skeleton
  2171 | D:2      | Reached skill level 4 in Spellcasting
  2640 | D:3      | Reached XP level 4. HP: 16/24 MP: 8/12
  3017 | D:4      | Found a glowing drain.
  3150 | Sewer    | Entered a sewer
  3242 | Sewer    | Learned a level 4 spell: Animate Dead
  3545 | Sewer    | Reached XP level 5. HP: 20/28 MP: 10/14
  3556 | Sewer    | Reached skill level 5 in Spellcasting
  4362 | D:5      | Entered Level 5 of the Dungeon
  4606 | D:5      | Noticed a water moccasin
  4709 | D:5      | Reached skill level 6 in Spellcasting
  4715 | D:5      | Reached XP level 6. HP: 18/33 MP: 13/17
  4992 | D:5      | Killed a water moccasin
  4993 | D:5      | Reached skill level 1 in Short Blades
  5419 | D:5      | Reached XP level 7. HP: 32/37 MP: 17/19
  5500 | D:5      | Reached skill level 7 in Spellcasting
  6025 | D:5      | Reached skill level 1 in Fighting
  6710 | D:5      | Reached skill level 8 in Spellcasting
  7231 | D:5      | Reached XP level 8. HP: 37/43 MP: 16/22
  7475 | D:5      | Reached skill level 9 in Spellcasting
  7964 | D:4      | Noticed Menkaure
  8023 | D:6      | Found Juotym's Antique Weapon Emporium.
  8216 | D:6      | Found a sand-covered staircase.
  8441 | Ossuary  | Entered an ossuary
  8468 | Ossuary  | Reached skill level 10 in Spellcasting
  8607 | Ossuary  | Gained mutation: You passively map a small area around you.
                  | [potion of mutation]
  8607 | Ossuary  | Gained mutation: You passively map the area around you.
                  | [potion of mutation]
  8640 | Ossuary  | Slain by a mummy

Illustrated notes

Levels and vault maps discovered:
D:1:      lightli_arrival_noodles, layout_basic
D:2:      layout_rooms, ebering_ecumenical_altar_mist
D:3:      minmay_spotlight, layout_basic, kennysheep_cross_bottleneck,
          minivault_14, corexii_shack
D:4:      gammafunk_steamed_eel, layout_basic, cheibrodos_sewer_entry_bend,
          gammafunk_ghost_grave, uniq_menkaure
D:5:      lemuel_castle_with_subvaults [lemuel_castle_interior_carwin_3],
          layout_loops_ring, minmay_between
D:6:      minmay_evil_eye, layout_loops_cross, minmay_temple_entry_butterflies,
          enter_ossuary_1, serial_shops, shop, uniq_crazy_yiuf_cottage
Ossuary:  ossuary_the_hunt_dpeg

Skill      XL: |  1  2  3  4  5  6  7  8 |
---------------+-------------------------+-----
Necromancy     | 5 6 7 8 9 |  9.3
Spellcasting   | 4 6 8 10 | 10.0
Short Blades   | 1 |  1.6
Dodging        | 3 |  3.5
Stealth        | 3 |  3.5
Fighting       | 1 |  1.0

Action                   |  1- 3 |  4- 6 |  7- 9 || total
-------------------------+-------+-------+-------++-------
Melee: Dagger            |    35 |    71 |   135 ||   241
 Cast: Pain              |    57 |   110 |   176 ||   343
       Animate Skeleton  |       |    16 |     8 ||    24
       Animate Dead      |       |       |     3 ||     3
  Use: Scroll            |       |     3 |     4 ||     7
       Potion            |       |     2 |     3 ||     5
 Stab: Sleeping          |     1 |     2 |     4 ||     7
Armor: Robe              |    16 |    36 |   153 ||   205
Dodge: Dodged            |    22 |    68 |   216 ||   306

Table legend: (Time is in decaauts)
 A = Elapsed time spent in this place.
 B = Non-inter-level travel time spent in this place.
 C = Inter-level travel time spent in this place.
 D = Time resting spent in this place.
 E = Time spent auto-exploring this place.
 F = Levels seen in this place.
 G = Mean time per level.
                   A        B        C        D        E       F      G
               +--------+--------+--------+--------+--------+-----+--------+
         Total |   8661 |   8534 |    127 |    995 |   5759 |   8 | 1082.6 |
       Dungeon |   7277 |   7150 |    127 |    720 |   5076 |   6 | 1212.8 |
         Sewer |   1190 |   1190 |      0 |    172 |    683 |   1 | 1190.0 |
       Ossuary |    193 |    193 |      0 |    103 |      0 |   1 |  193.0 |
               +--------+--------+--------+--------+--------+-----+--------+

Top non-repeatable levels by time:
     D:5: 3563 daAuts
     D:1: 1757 daAuts
   Sewer: 1190 daAuts
     D:3: 728 daAuts
     D:2: 460 daAuts
     D:6: 443 daAuts
     D:4: 325 daAuts
 Ossuary: 193 daAuts
